 Dungeon Crawl Stone Soup version 0.29-a0-474-gdfe5cd140f (webtiles) character file.

Game seed: 6735946264452937288

350 grumblor the Covered (level 6, 0/32 HPs)
             Began as a Vine Stalker Fighter on May 24, 2022.
             Slain by NateTC's ghost (6 damage)
             ... on level 4 of the Dungeon.
             The game lasted 00:05:19 (3866 turns).

grumblor the Covered (Vine Stalker Fighter)         Turns: 3866, Time: 00:05:20

Health: 0/32       AC:  9    Str: 20    XL:     6   Next: 60%
Magic:  0/7        EV: 10    Int:  3    God:
Gold:   231        SH:  6    Dex: 14    Spells: 5/5 levels left

rFire   + . .      SeeInvis .   k - +7 mace "Mohainuifry" {drain, rPois rN++ rCorr Int-5}
rCold   + . .      Faith    .   c - +1 buckler
rNeg    + + .      Spirit   +   b - +0 scale mail
rPois   +          Reflect  .   (no helmet)
rElec   +          Harm     .   (no cloak)
rCorr   +          Rampage  .   o - +0 pair of gloves
Will    .....                   l - +0 pair of boots
Stlth   ..........              m - amulet of magic regeneration
HPRegen 0.90/turn               (no ring)
MPRegen 0.50/turn               (no ring)

@: resistant, weak-willed
A: fangs 2, regeneration 1, magic shield, antimagic bite, no potion heal 2
a: no special abilities


You were on level 4 of the Dungeon.
You visited 1 branch of the dungeon, and saw 4 of its levels.

You collected 231 gold pieces.

Inventory:

Hand Weapons
 a - a +0 war axe
 k - the +7 mace "Mohainuifry" (weapon) {drain, rPois rN++ rCorr Int-5}
   (You took it off a hobgoblin on level 2 of the Dungeon)

   A truly terrible weapon, it drains the life of any living foe it strikes.
   Int:       It affects your intelligence (-5).
   rPois:     It protects you from poison.
   rN:        It greatly protects you from negative energy.
   rCorr:     It protects you from acid and corrosion.
Missiles
 i - 2 curare-tipped darts
 j - 16 poisoned darts (quivered)
Armour
 b - a +0 scale mail (worn)
 c - a +1 buckler (worn)
 l - a +0 pair of boots (worn)
 o - a +0 pair of gloves (worn)
Jewellery
 m - an amulet of magic regeneration (around neck)
 n - an amulet of reflection
Wands
 p - a wand of flame (21)
Scrolls
 f - 2 scrolls of identify
 g - a scroll of poison
Potions
 d - 2 potions of might
 e - a potion of curing
 h - a potion of flight


   Skills:
 + Level 3.4 Fighting
 + Level 3.0 Axes
 * Level 1.9 Throwing
 + Level 3.6 Armour
 * Level 2.0 Dodging
 + Level 3.1 Shields


You had 5 spell levels left.
You didn't know any spells.
Your spell library contained the following spells:

 Spells                   Type           Power      Damage    Failure   Level
 Magic Dart               Conj           0%         1d3       92%         1
 Searing Ray              Conj           0%         2d4       98%         2
 Conjure Flame            Conj/Fire      0%         6-21      100%        3
 Ignite Poison            Fire/Tmut/Pois 0%         N/A       100%        3
 Fulminant Prism          Conj/Hex       0%         3d6       100%        4
 Sticky Flame             Conj/Fire      0%         2d3       100%        4


Dungeon Overview and Level Annotations

Branches:
Dungeon (4/15)
 Temple: D:4-7

Altars:

Annotations:
D:4 NateTC's ghost, amateur DrFi


Innate Abilities, Weirdness & Mutations

You have extremely sharp teeth.
Your natural rate of healing is unusually fast.
When hurt, damage is shared between your health and your magic reserves.
Your bite disrupts and absorbs the magic of your enemies.
Potions cannot restore your health.


Message History

Magic quickly surges around you.
It was a scroll of vulnerability.
Could not explore, unopened runed door.
You open the gate. You sock the kobold!
You kill the kobold!
You thump the kobold!
You kill the kobold!
You hit the kobold but do no damage. You bite the kobold.
You kill the kobold!
NateTC's ghost completely misses you.
You hit NateTC's ghost. You bite NateTC's ghost. You drain its power.
NateTC's ghost is lightly damaged.
NateTC's ghost hits you but does no damage.
You hit NateTC's ghost. Your bite misses NateTC's ghost.
NateTC's ghost is lightly damaged.
NateTC's ghost hits you but does no damage.
You block NateTC's ghost's attack.
You sock NateTC's ghost!
You bite NateTC's ghost, but do no damage.
NateTC's ghost is moderately damaged.
NateTC's ghost hits you.
You hit NateTC's ghost.
NateTC's ghost is heavily damaged.
NateTC's ghost hits you!
You hit NateTC's ghost. You bite NateTC's ghost. You drain its power.
You feel invigorated.
NateTC's ghost is heavily damaged.
NateTC's ghost hits you! x2
* * * LOW HITPOINT WARNING * * *
You are too injured to fight recklessly!
You are too injured to fight recklessly!
You are too injured to fight recklessly!
You are too injured to fight recklessly!
Unknown command.
Okay, then.
Okay, then.
It was a potion of resistance.
You feel protected. NateTC's ghost hits you!
You die...

#.# #####.......'......... #.#
##.!$##......####...##. #.#
##.....##....## ##.###.
#.#####..#.#..#...## ### #.
#.....#♣.#.#.♣#..############.
#####.#..#.#..#'###...!...#...
#...##...KK##.# #.#####.#...
#.#..##'KK##..###.#####.#...
#.#.....KKW@.........##.##.#
#.#......K##...##.##.##.##.#
#.###..####.....#.##.##.##.#
#.###..#####...##.##.##.##.#
#<............###.......##.#
#############.# ####.......#
#.# ######### #.# #.#


You could see a kobold brigand, NateTC's ghost and 6 kobolds.

Vanquished Creatures
  An ogre (D:4)
  An iguana (D:4)
  3 orc wizards
  6 adders
  A worm (D:2)
  3 dart slugs
  10 orcs
  8 endoplasms
  3 giant cockroaches
  10 goblins
  10 hobgoblins
  10 kobolds
  2 quokkas
  7 ball pythons
  4 bats
  5 frilled lizards
  10 rats
94 creatures vanquished.

Vanquished Creatures (others)
  3 fungi (D:4)
  A plant (D:4)
4 creatures vanquished.

Grand Total: 98 creatures vanquished

Notes
Turn   | Place    | Note
-------+----------+-------------------------------------------
     0 | D:1      | grumblor the Vine Stalker Fighter began the quest for the
                  | Orb.
     0 | D:1      | Reached XP level 1. HP: 11/11 MP: 2/2
   248 | D:1      | Reached XP level 2. HP: 12/16 MP: 3/3
   734 | D:2      | Reached XP level 3. HP: 17/19 MP: 4/4
  1706 | D:2      | Identified the +7 mace "Mohainuifry" {drain, rPois rN++
                  | rCorr Int-5}
  1909 | D:2      | Gained mutation: Your natural rate of healing is unusually
                  | fast. [Vine Stalker growth]
  1909 | D:2      | Reached XP level 4. HP: 23/23 MP: 5/5
  2144 | D:3      | Reached skill level 1 in Dodging
  2275 | D:3      | Reached skill level 1 in Throwing
  2527 | D:3      | Reached XP level 5. HP: 28/28 MP: 6/6
  2905 | D:4      | Found a runed translucent gate.
  2906 | D:4      | Found a runed translucent gate.
  2906 | D:4      | Found a runed translucent gate.
  2908 | D:4      | Noticed NateTC's ghost (amateur DrFi)
  2908 | D:4      | Noticed a kobold brigand
  3409 | D:4      | Noticed an ogre
  3415 | D:4      | Killed an ogre
  3416 | D:4      | Reached XP level 6. HP: 18/32 MP: 5/7
  3866 | D:4      | Slain by NateTC's ghost

Illustrated notes

Levels and vault maps discovered:
D:1:      matt_arrival_diagonals, layout_basic
D:2:      layout_loops_cross, minmay_tetromino_i2
D:3:      layout_basic
D:4:      layout_loops_corners, gammafunk_ghost_nasty_kobolds

Skill      XL: |  1  2  3  4  5  6 |
---------------+-------------------+-----
Axes           | 2 3 |  3.0
Fighting       | 3 |  3.4
Dodging        | 1 2 |  2.0
Armour         | 3 |  3.6
Shields        | 3 |  3.1
Throwing       | 1 |  1.9

Action                   |  1- 3 |  4- 6 || total
-------------------------+-------+-------++-------
Melee: War axe           |    90 |       ||    90
       Bite              |    18 |    17 ||    35
       Mace              |     5 |    97 ||   102
  Use: Scroll            |     3 |     8 ||    11
       Potion            |       |     1 ||     1
Armor: Scale mail        |    36 |    44 ||    80
Dodge: Dodged            |    41 |    32 ||    73
Block: Buckler           |    21 |    20 ||    41

Table legend: (Time is in decaauts)
 A = Elapsed time spent in this place.
 B = Non-inter-level travel time spent in this place.
 C = Inter-level travel time spent in this place.
 D = Time resting spent in this place.
 E = Time spent auto-exploring this place.
 F = Levels seen in this place.
 G = Mean time per level.
                   A        B        C        D        E       F      G
               +--------+--------+--------+--------+--------+-----+--------+
         Total |   3943 |   3847 |     96 |    383 |   2780 |   4 |  985.8 |
       Dungeon |   3943 |   3847 |     96 |    383 |   2780 |   4 |  985.8 |
               +--------+--------+--------+--------+--------+-----+--------+

Top non-repeatable levels by time:
     D:2: 1432 daAuts
     D:4: 978 daAuts
     D:3: 783 daAuts
     D:1: 748 daAuts
